[Event "Titled Tuesday Blitz April 12 Late 2022"]
[White "Isajevsky, Anton"]
[Black "Bryakin, Mikhail"]
[WhiteFideId "4142500"]
[BlackFideId "4165314"]
[WhiteElo "2532"]
[BlackElo "2831"]
[Result "0-1"]
[Round "03"]
[TimeControl "180+1"]
[Date "2022.04.13"]
[WhiteClock "0:00:01"]
[BlackClock "0:01:20"]

1. c4 g6 2. g3 Bg7 3. Bg2 Nf6 4. Nc3 O-O 5. e3 c6 6. Nge2 d5 7. cxd5 Nxd5 8. d4 a5 9. O-O Na6 10. Nxd5 cxd5 11. Qb3 e6 12. Bd2 b6 13. Rfc1 Bd7 14. Nc3 Qb8 15. Bf1 Rc8 16. Nb5 Bf8 17. a3 Qb7 18. Bd3 Rxc1+ 19. Rxc1 Rc8 20. Rxc8 Qxc8 21. h4 h6 22. Nc3 Qb7 23. e4 Nc7 24. Bf4 dxe4 25. Nxe4 Nd5 26. Be5 Bg7 27. Bc4 Nf4 28. Qe3 Nd5 29. Qf3 f5 30. Nd6 Qc6 31. Bxd5 exd5 32. Qf4 Bf8 33. Kg2 a4 0-1


[Site "https://www.chess.com"]

[Event "Titled Tuesday Blitz April 12 Late 2022"]
[White "Iskusnyh, Sergei"]
[Black "Zhou, Qiyu"]
[WhiteFideId "4120027"]
[BlackFideId "505161"]
[WhiteElo "2492"]
[BlackElo "1925"]
[Result "1-0"]
[Round "03"]
[TimeControl "180+1"]
[Date "2022.04.13"]
[WhiteClock "0:00:09"]
[BlackClock "0:00:37"]

1. d4 Nf6 2. c4 e6 3. g3 d5 4. Bg2 Bb4+ 5. Bd2 Be7 6. Nf3 O-O 7. O-O c6 8. Qc2 b6 9. a3 Ba6 10. cxd5 cxd5 11. Bb4 Nbd7 12. Nc3 Rc8 13. Qa4 Nb8 14. Rfc1 Qe8 15. Qd1 Nc6 16. Bxe7 Qxe7 17. e3 Rc7 18. Ne5 Rfc8 19. f4 Nd7 20. Rc2 f6 21. Nxc6 Rxc6 22. Rac1 Bc4 23. Qh5 Qf7 24. Qxf7+ Kxf7 25. e4 dxe4 26. Nxe4 Ke7 27. Nd2 Bd5 28. Rxc6 Bxc6 29. Rxc6 Rd8 30. Rc7 Kd6 31. Rxa7 Rc8 32. Ne4+ Ke7 33. Nc3 Kd6 34. Nb5+ Ke7 35. d5 exd5 36. Bh3 Rc1+ 37. Kf2 Rc2+ 38. Ke3 Rxb2 39. Rxd7+ Kf8 40. Nd6 Rb3+ 41. Kd4 Rxa3 1-0


[Site "https://www.chess.com"]

[Event "Titled Tuesday Blitz April 12 Late 2022"]
[White "Kalavannan, Koby"]
[Black "Gracia Alvarez, Gerardo Antonio"]
[WhiteFideId "425753"]
[BlackFideId "5109124"]
[WhiteElo "1927"]
[BlackElo "2139"]
[Result "0-1"]
[Round "03"]
[TimeControl "180+1"]
[Date "2022.04.13"]
[WhiteClock "0:00:02"]
[BlackClock "0:00:04"]

1. d4 Nf6 2. c4 c5 3. d5 b5 4. cxb5 a6 5. b6 e6 6. Nc3 Nxd5 7. Nxd5 exd5 8. Qxd5 Nc6 9. e4 Be7 10. Nf3 Rb8 11. Bc4 O-O 12. O-O Rxb6 13. Be3 d6 14. Qd2 Bf6 15. Rad1 Rxb2 16. Qxd6 Qxd6 17. Rxd6 Na5 18. Bd5 Be7 19. Bxc5 Bxd6 20. Bxd6 Re8 21. h4 Be6 22. Be5 Rc2 23. Nd4 Rd2 24. Nxe6 fxe6 25. Bc3 Rc2 26. Bxa5 exd5 27. exd5 Rxa2 28. Bc7 Rd2 29. d6 Ree2 30. Kh2 Kf7 31. Kg3 Ke6 32. Rg1 Kd7 33. f3 Ra2 34. Kf4 Rxg2 35. Re1 Rge2 36. Rg1 g6 37. h5 Re6 38. hxg6 hxg6 39. Rh1 Rd2 40. Rh7+ Kc6 41. Bb8 Re8 42. Rc7+ Kb5 43. d7 Rd8 44. Rb7+ Kc4 45. Bc7 R8xd7 46. Ra7 R2d6 47. Bxd6 Rxa7 48. Kg5 a5 49. f4 Ra6 50. Ba3 a4 51. Bf8 Kb3 52. Be7 a3 53. Bf6 Rxf6 54. Kxf6 a2 55. Kxg6 a1=Q 56. f5 Qh8 57. Kf7 Qh7+ 58. Ke6 Kc4 59. f6 Qg8+ 60. Ke7 Kd5 61. f7 Qg5+ 62. Ke8 Qe5+ 63. Kf8 Ke6 64. Kg8 Qg5+ 65. Kf8 Qg6 66. Ke8 Qxf7+ 67. Kd8 Qd7# 0-1


[Site "https://www.chess.com"]

[Event "Titled Tuesday Blitz April 12 Late 2022"]
[White "Kamsky, Gata"]
[Black "Naroditsky, Daniel"]
[WhiteFideId "2000024"]
[BlackFideId "2026961"]
[WhiteElo "2645"]
[BlackElo "2608"]
[Result "0-1"]
[Round "03"]
[TimeControl "180+1"]
[Date "2022.04.12"]
[WhiteClock "0:00:04"]
[BlackClock "0:00:02"]

1. d4 Nf6 2. Nf3 g6 3. Bg5 Bg7 4. c3 d6 5. Nbd2 O-O 6. e4 c5 7. d5 e6 8. dxe6 Bxe6 9. Bc4 Qe7 10. O-O Nc6 11. Re1 Rad8 12. Bxe6 Qxe6 13. Qb3 Rd7 14. Qxe6 fxe6 15. e5 dxe5 16. Bxf6 Bxf6 17. Ne4 Be7 18. Rad1 Rfd8 19. Rxd7 Rxd7 20. Kf1 h6 21. Ke2 Kf7 22. h4 b6 23. g3 Bf6 24. a4 Na5 25. Nfd2 Be7 26. Kd1 Nc4 27. Kc2 Nxd2 28. Nxd2 Bd6 29. Nc4 Bc7 30. Rd1 Rd5 31. Ne3 Rxd1 32. Kxd1 e4 33. Ke2 g5 34. h5 Be5 35. Ng4 Bg7 36. Ke3 Ke7 37. Kxe4 Kd6 38. Ne3 a6 39. Kd3 b5 40. b3 c4+ 41. bxc4 bxa4 42. Nc2 Kc5 43. Nd4 a3 44. Nb3+ Kc6 45. Kc2 g4 46. Nd4+ Kd7 47. Kb3 Bf8 48. Nc2 Bc5 49. Nd4 e5 50. Nf5 Bxf2 51. Nxh6 e4 52. Nxg4 e3 53. h6 e2 54. Ne5+ Ke6 55. Nd3 Kf7 56. g4 e1=Q 57. Nxe1 Bxe1 58. c5 Bf2 59. c6 Bg3 60. g5 Kg6 61. Kxa3 Bc7 62. Kb4 Kh7 63. Kc5 a5 64. Kb5 Kg6 65. c4 Kh7 66. c5 Kg6 67. Ka6 a4 68. Kb7 Be5 69. c7 Bxc7 70. Kxc7 a3 71. c6 a2 72. Kb7 a1=Q 73. c7 Qb2+ 74. Ka7 Qa3+ 75. Kb7 Qb4+ 76. Kc6 Qc4+ 77. Kb7 Qb5+ 78. Ka7 Qc6 79. Kb8 Qb6+ 80. Kc8 Kf7 81. h7 Qe6+ 82. Kb7 Qd5+ 83. Kb8 Qb5+ 84. Kc8 Qa6+ 85. Kb8 Qb6+ 86. Kc8 Qb2 87. g6+ Ke7 88. g7 Qxg7 0-1


[Site "https://www.chess.com"]

[Event "Titled Tuesday Blitz April 12 Late 2022"]
[White "Karttunen, Mika"]
[Black "Xie, Bryan"]
[WhiteFideId "502081"]
[BlackFideId "30941296"]
[WhiteElo "2343"]
[BlackElo "1899"]
[Result "1-0"]
[Round "03"]
[TimeControl "180+1"]
[Date "2022.04.13"]
[WhiteClock "0:00:55"]
[BlackClock "0:00:01"]

1. e4 c5 2. Nf3 e6 3. d4 cxd4 4. Nxd4 Nc6 5. Nc3 Qc7 6. Be3 a6 7. Qf3 Nf6 8. O-O-O Ne5 9. Qg3 d6 10. f4 Neg4 11. Bg1 h5 12. h3 Nh6 13. e5 dxe5 14. fxe5 Nd7 15. Bh2 b5 16. Bd3 Bb7 17. Nxe6 fxe6 18. Qg6+ Ke7 19. Qg5+ Kf7 20. Qg6+ Kg8 21. Qxe6+ Nf7 22. Bh7+ Rxh7 23. Rxd7 Qc4 24. Qxc4 bxc4 25. Rxb7 Re8 26. Re1 Bd6 27. e6 Ne5 28. Bxe5 Rxe6 29. Bg3 Bf4+ 30. Kb1 Bxg3 31. Rxe6 1-0


[Site "https://www.chess.com"]

[Event "Titled Tuesday Blitz April 12 Late 2022"]
[White "Kazakouski, Valery"]
[Black "Papp, Levente"]
[WhiteFideId "13507443"]
[BlackFideId "751243"]
[WhiteElo "2524"]
[BlackElo "2308"]
[Result "0-1"]
[Round "03"]
[TimeControl "180+1"]
[Date "2022.04.12"]
[WhiteClock "0:02:42"]
[BlackClock "0:02:24"]

1. d4 e6 2. c4 d5 3. Nf3 Nf6 4. g3 Bb4+ 5. Bd2 a5 6. Bg2 O-O 7. O-O dxc4 8. a3 Bxd2 9. Nbxd2 b5 10. b3 cxb3 11. Qxb3 c6 12. Qb2 Nbd7 13. Rfc1 Qb6 14. Nc4 bxc4 0-1


[Site "https://www.chess.com"]

[Event "Titled Tuesday Blitz April 12 Late 2022"]
[White "Kobalia, Mikhail"]
[Black "Plazuelo Pascual, Juan"]
[WhiteFideId "4119150"]
[BlackFideId "32059566"]
[WhiteElo "2667"]
[BlackElo "2359"]
[Result "1-0"]
[Round "03"]
[TimeControl "180+1"]
[Date "2022.04.12"]
[WhiteClock "0:00:07"]
[BlackClock "0:00:02"]

1. e4 c5 2. Nf3 Nc6 3. Bb5 d6 4. O-O Bd7 5. Re1 Nf6 6. c3 a6 7. Bf1 Bg4 8. h3 Bxf3 9. Qxf3 g6 10. d3 Bg7 11. Be3 O-O 12. Nd2 Nd7 13. Qd1 b5 14. Nf3 b4 15. Qa4 Qc7 16. d4 Nb6 17. Qd1 Rfd8 18. Rc1 bxc3 19. bxc3 Na5 20. Nd2 Rdc8 21. d5 c4 22. Nf3 Nd7 23. Nd4 Nc5 24. Qc2 Rab8 25. Rb1 Rxb1 26. Rxb1 Rb8 27. f3 Rxb1 28. Qxb1 Qb7 29. Qb4 Qc7 30. Bxc4 Nxe4 31. Nc6 Bxc3 32. Qa4 Nc5 33. Bxc5 dxc5 34. Bxa6 Qg3 35. Qe4 Nxc6 36. dxc6 Bd4+ 37. Kh1 Qd6 38. Bd3 f5 39. Bc4+ Kg7 40. Qe6 Qxe6 41. Bxe6 Be5 42. a4 Bc7 43. Kg1 Kf6 44. Bg8 h6 45. Kf2 Ke5 46. Ke3 Kd6 47. Bh7 Kxc6 48. Bxg6 e6 49. Kd3 Kd5 50. Bf7 c4+ 51. Kc2 Ba5 52. g4 fxg4 53. fxg4 Ke5 54. Bg8 Kf6 55. h4 Bb4 56. Bh7 Ke5 57. Bg8 c3 58. Bh7 Ba5 59. Bg8 Kf6 60. Kd3 e5 61. Bh7 Ke6 62. Be4 Kd6 63. Kc4 Kc7 64. g5 hxg5 65. hxg5 Kd6 66. g6 Ke7 67. Kb5 Bd8 68. a5 Bxa5 69. Kxa5 Kf6 70. Kb4 1-0


[Site "https://www.chess.com"]

[Event "Titled Tuesday Blitz April 12 Late 2022"]
[White "Koelle, Tobias"]
[Black "Lossi C., Cyrano Jose"]
[WhiteFideId "16207378"]
[BlackFideId "7301600"]
[WhiteElo "2541"]
[BlackElo "1811"]
[Result "1-0"]
[Round "03"]
[TimeControl "180+1"]
[Date "2022.04.13"]
[WhiteClock "0:01:13"]
[BlackClock "0:00:08"]

1. d4 d5 2. c4 c6 3. cxd5 cxd5 4. Bg5 Nc6 5. Nc3 Bf5 6. e4 dxe4 7. d5 Ne5 8. Qa4+ Bd7 9. Qxe4 f6 10. Bf4 Ng6 11. Bg3 Qb6 12. Nge2 e5 13. dxe6 Bxe6 14. Nd5 Qa5+ 15. Nec3 Kf7 16. Nc7 Qf5 17. Qxf5 Bxf5 18. Bc4+ Ke7 19. N3d5+ Kd7 20. O-O-O Rc8 21. Bb5+ Kd8 22. Rhe1 N8e7 23. Nxe7+ 1-0


[Site "https://www.chess.com"]

[Event "Titled Tuesday Blitz April 12 Late 2022"]
[White "Korchmar, Vasiliy"]
[Black "Mikhalsky, Vladimir"]
[WhiteFideId "24131750"]
[BlackFideId "14144352"]
[WhiteElo "2801"]
[BlackElo "2524"]
[Result "1-0"]
[Round "03"]
[TimeControl "180+1"]
[Date "2022.04.13"]
[WhiteClock "0:00:54"]
[BlackClock "0:00:04"]

1. d4 Nf6 2. Bf4 g6 3. Nc3 Bg7 4. e4 d6 5. Qd2 O-O 6. Bh6 c5 7. d5 e6 8. dxe6 Bxe6 9. O-O-O Nc6 10. h4 Bxh6 11. Qxh6 Ng4 12. Qd2 h5 13. f3 Nge5 14. Nge2 b5 15. Nf4 b4 16. Ncd5 Nd4 17. Kb1 Qa5 18. b3 Qd8 19. Ba6 Bc8 20. Bxc8 Rxc8 21. Nxh5 gxh5 22. Qh6 Ng6 23. f4 Re8 24. f5 Re5 25. fxg6 fxg6 26. Qxg6+ Kh8 27. Qh6+ Kg8 28. Qg6+ Kh8 29. Rhf1 Qe8 30. Qh6+ Kg8 31. Nf6+ 1-0


[Site "https://www.chess.com"]

[Event "Titled Tuesday Blitz April 12 Late 2022"]
[White "Koutlas, Nikolaos"]
[Black "Goryachkina, Aleksandra"]
[WhiteFideId "25827138"]
[BlackFideId "4147103"]
[WhiteElo "2461"]
[BlackElo "2645"]
[Result "0-1"]
[Round "03"]
[TimeControl "180+1"]
[Date "2022.04.13"]
[WhiteClock "0:00:02"]
[BlackClock "0:00:06"]

1. c4 Nf6 2. Nc3 c5 3. g3 Nc6 4. Bg2 g6 5. e4 Bg7 6. Nge2 O-O 7. O-O d6 8. d3 a6 9. h3 Rb8 10. a4 Bd7 11. f4 Nd4 12. Nxd4 cxd4 13. Ne2 Ne8 14. a5 f5 15. exf5 gxf5 16. Bf3 e5 17. fxe5 dxe5 18. Bd5+ Kh8 19. g4 Qh4 20. gxf5 Bxf5 21. Bg2 Nc7 22. Bd2 Ne6 23. Be1 Qh6 24. Kh2 Nc5 25. Ra3 e4 26. Bb4 Qd6+ 27. Kh1 exd3 28. Nf4 Be4 29. Bxc5 Bxg2+ 30. Kxg2 Qxc5 31. Qxd3 Be5 32. Ne6 Qc6+ 33. Qe4 Qxe4+ 0-1


[Site "https://www.chess.com"]

[Event "Titled Tuesday Blitz April 12 Late 2022"]
[White "Kovanova, Baira"]
[Black "Ward, Ieuan C"]
[WhiteFideId "4164083"]
[BlackFideId "406627"]
[WhiteElo "2190"]
[BlackElo "2280"]
[Result "1-0"]
[Round "03"]
[TimeControl "180+1"]
[Date "2022.04.13"]
[WhiteClock "0:00:38"]
[BlackClock "0:00:08"]

1. e4 c5 2. Nf3 d6 3. d4 cxd4 4. Nxd4 Nf6 5. Nc3 a6 6. Be3 e5 7. Nf3 Be7 8. Bc4 O-O 9. O-O Be6 10. Bb3 Nc6 11. Qe2 Bxb3 12. cxb3 d5 13. exd5 Nxd5 14. Rad1 Nxc3 15. bxc3 Qa5 16. c4 Rad8 17. h3 Bc5 18. Rd5 Rxd5 19. cxd5 Nd4 20. Bxd4 Bxd4 21. Nxd4 exd4 22. Qc4 Rd8 23. Qxd4 Qxd5 24. Qb6 g6 25. a4 Rd6 26. Qb4 a5 27. Qc3 Rb6 28. Re1 Qc6 29. Qxa5 Rxb3 30. Qd8+ Kg7 31. Re8 Rb1+ 32. Kh2 Qc4 33. Rg8+ Kh6 34. Qd2+ Kh5 35. g4+ 1-0


[Site "https://www.chess.com"]

[Event "Titled Tuesday Blitz April 12 Late 2022"]
[White "Koziorowicz, Michal"]
[Black "Mickiewicz, Piotr"]
[WhiteFideId "21809194"]
[BlackFideId "1114891"]
[WhiteElo "2641"]
[BlackElo "2458"]
[Result "0-1"]
[Round "03"]
[TimeControl "180+1"]
[Date "2022.04.13"]
[WhiteClock "0:00:18"]
[BlackClock "0:00:16"]

1. e4 c5 2. Nf3 e6 3. g3 Nc6 4. Bg2 d6 5. O-O Nf6 6. Nc3 Be7 7. d4 cxd4 8. Nxd4 Bd7 9. Be3 O-O 10. f4 a6 11. Kh1 Rc8 12. g4 Nxd4 13. Bxd4 Bc6 14. g5 Nd7 15. Qh5 e5 16. Be3 g6 17. Qh6 exf4 18. Bxf4 Ne5 19. Rad1 Qc7 20. Bxe5 dxe5 21. Rd3 f6 22. Rh3 Rf7 23. gxf6 Bxf6 24. Rhf3 Bg7 25. Qh3 Rxf3 26. Rxf3 Qd7 27. Nd5 Re8 28. c4 Qd6 29. b4 Rf8 30. c5 Rxf3 31. Bxf3 Qd7 32. Bg4 Qd8 33. Be6+ Kh8 34. Qg3 Bb5 35. Kg2 Bc6 36. Qg4 Qf8 37. Qf3 Qxf3+ 38. Kxf3 h6 39. Ne7 Kh7 40. Nxc6 bxc6 41. Bc8 a5 42. bxa5 Bf8 43. Bd7 Bxc5 44. Bxc6 Ba7 45. Ke2 h5 46. Kd3 g5 47. Bd7 g4 48. Kc4 Kh6 49. Kb5 Bd4 50. Ka6 Kg5 51. Kb7 Kf4 52. Bf5 h4 53. a6 g3 54. hxg3+ hxg3 55. Bh3 Kxe4 56. a7 Bxa7 57. Kxa7 Kd3 58. Kb6 e4 59. a4 e3 60. a5 e2 61. a6 e1=Q 62. a7 Qb4+ 63. Kc7 Qc5+ 64. Kb8 Qb6+ 65. Ka8 Kd4 66. Bg2 Ke5 67. Bf3 Kd6 68. Bb7 Kc7 69. Bc8 Qc6+ 70. Bb7 Qxb7# 0-1


[Site "https://www.chess.com"]

[Event "Titled Tuesday Blitz April 12 Late 2022"]
[White "Le Goff, Ronan"]
[Black "Sadilek, Peter"]
[WhiteFideId "612073"]
[BlackFideId "1616439"]
[WhiteElo "2276"]
[BlackElo "2145"]
[Result "1/2-1/2"]
[Round "03"]
[TimeControl "180+1"]
[Date "2022.04.13"]
[WhiteClock "0:01:01"]
[BlackClock "0:00:23"]

1. d4 Nf6 2. Nf3 g6 3. Bg5 Bg7 4. Nbd2 O-O 5. e4 d6 6. h3 h6 7. Bh4 Nc6 8. Bc4 Nxe4 9. Nxe4 d5 10. Bd3 dxe4 11. Bxe4 Nxd4 12. Nxd4 Qxd4 13. Qxd4 Bxd4 14. O-O-O Bf6 15. Bxf6 exf6 16. Rhe1 c6 17. Re3 Be6 18. g4 g5 19. f4 Rfd8 20. Rf1 Re8 21. f5 Bd5 22. Rfe1 Bxe4 23. Rxe4 Rxe4 24. Rxe4 Kf8 25. Kd2 Rd8+ 26. Ke2 a5 27. a4 Rd5 28. b3 h5 29. c4 Re5 30. Kd3 hxg4 31. hxg4 Ke7 32. Kd4 Rxe4+ 33. Kxe4 Kd6 34. Kd4 c5+ 35. Ke4 b6 36. Kd3 Kc6 37. Ke4 Kd6 38. Kd3 Ke5 39. Ke3 Kd6 40. Ke4 Kc6 41. Kd3 Kd7 42. Ke4 Kd6 1/2-1/2


[Site "https://www.chess.com"]

[Event "Titled Tuesday Blitz April 12 Late 2022"]
[White "Levin, Anthony"]
[Black "Olcayoz, Alper"]
[WhiteFideId "30940680"]
[BlackFideId "6300405"]
[WhiteElo "2080"]
[BlackElo "2255"]
[Result "0-1"]
[Round "03"]
[TimeControl "180+1"]
[Date "2022.04.13"]
[WhiteClock "0:00:03"]
[BlackClock "0:00:05"]

1. d4 Nf6 2. c4 e5 3. dxe5 Ne4 4. a3 d6 5. Qc2 d5 6. Nf3 Nc6 7. cxd5 Qxd5 8. Nc3 Nxc3 9. Qxc3 Bg4 10. Bf4 O-O-O 11. Rc1 Be7 12. h3 Bh5 13. g4 Bg6 14. Bg2 Be4 15. O-O h5 16. g5 Kb8 17. b4 a6 18. h4 Rhe8 19. Rfd1 Qe6 20. Kh2 Qf5 21. Bg3 f6 22. Nd4 Nxd4 23. Rxd4 Bxg2 24. Qxc7+ Ka8 25. Kxg2 Rxd4 26. exf6 gxf6 27. e3 Rg4 28. Qb6 Qe4+ 29. Kh2 Rxh4+ 30. Kg1 Rh1# 0-1


[Site "https://www.chess.com"]

[Event "Titled Tuesday Blitz April 12 Late 2022"]
[White "Lewicki, Miroslaw"]
[Black "Afanasiev, Nikita"]
[WhiteFideId "1113380"]
[BlackFideId "24183555"]
[WhiteElo "2531"]
[BlackElo "2828"]
[Result "1-0"]
[Round "03"]
[TimeControl "180+1"]
[Date "2022.04.13"]
[WhiteClock "0:00:07"]
[BlackClock "0:00:35"]

1. b3 b6 2. Bb2 Bb7 3. Nf3 Nf6 4. g3 c5 5. Bg2 e6 6. O-O Be7 7. c4 O-O 8. Nc3 Ne4 9. Nxe4 Bxe4 10. d4 Nc6 11. d5 exd5 12. cxd5 Nb4 13. Ne5 Bxg2 14. Kxg2 d6 15. Nf3 Bf6 16. Bxf6 Qxf6 17. a3 Na6 18. Qd3 Nc7 19. e4 Rfe8 20. Rfe1 Rad8 21. Rad1 Rd7 22. b4 h6 23. bxc5 bxc5 24. Rb1 Qg6 25. Rb7 Ne6 26. Qb5 Rxb7 27. Qxe8+ Nf8 28. Nh4 Qf6 29. Nf5 h5 30. Qc8 Rb2 31. Qc7 Qc3 32. Re3 Qc2 33. Rf3 Qxe4 34. Nh6+ Kh7 35. Nxf7 Qxd5 36. Qe7 Rb3 37. Ng5+ Kg6 38. Qxf8 c4 39. h4 Rxf3 40. Qxf3 Qxf3+ 41. Kxf3 Kf5 42. Ke3 Ke5 43. f4+ Kd5 44. Ne4 a6 45. Nc3+ Kc5 46. Ke4 g6 47. Nd5 Kb5 48. Kd4 Ka4 49. Kxc4 Kxa3 50. Ne7 a5 51. Nxg6 a4 52. f5 Kb2 53. f6 a3 54. f7 a2 55. f8=Q d5+ 56. Kxd5 a1=Q 57. Qf6+ Kb1 58. Qxa1+ Kxa1 59. Nf4 1-0


[Site "https://www.chess.com"]

[Event "Titled Tuesday Blitz April 12 Late 2022"]
[White "Manolache, Marius"]
[Black "Papp, Petra"]
[WhiteFideId "1201530"]
[BlackFideId "739049"]
[WhiteElo "2629"]
[BlackElo "2444"]
[Result "1-0"]
[Round "03"]
[TimeControl "180+1"]
[Date "2022.04.13"]
[WhiteClock "0:01:26"]
[BlackClock "0:00:13"]

1. d4 Nf6 2. c4 c5 3. d5 b5 4. Qc2 d6 5. e4 g6 6. cxb5 Bg7 7. Nc3 O-O 8. Nf3 a6 9. a4 Nbd7 10. h3 axb5 11. Bxb5 Ba6 12. O-O Bxb5 13. Nxb5 Qb6 14. Be3 Ne8 15. Nd2 Nc7 16. Nc4 Qb7 17. Nxc7 Qxc7 18. a5 Ra6 19. Ra3 Rfa8 20. Bd2 h6 21. f4 Qb7 22. b3 Kh7 23. f5 g5 24. f6 exf6 25. Nxd6 Rxd6 26. e5+ Kg8 27. exd6 Qxd5 28. Bc3 Qxd6 29. Qe4 Ra6 30. Qc4 Qe6 31. Qxe6 fxe6 32. Rd1 Nf8 33. Rd8 f5 34. Bxg7 Kxg7 35. Rb8 Kf6 36. Rb6 Ra7 37. a6 Ke5 38. Rb7 Ra8 39. a7 1-0


[Site "https://www.chess.com"]

[Event "Titled Tuesday Blitz April 12 Late 2022"]
[White "Martic, Ivan"]
[Black "Rustemov, Alexander"]
[WhiteFideId "929301"]
[BlackFideId "4119002"]
[WhiteElo "2515"]
[BlackElo "2791"]
[Result "0-1"]
[Round "03"]
[TimeControl "180+1"]
[Date "2022.04.13"]
[WhiteClock "0:00:49"]
[BlackClock "0:01:12"]

1. e4 e6 2. d4 d5 3. e5 Bd7 4. Nf3 a6 5. c4 Ne7 6. Nc3 Bc6 7. Be2 dxc4 8. Bxc4 Nd7 9. O-O Nb6 10. Bb3 Nf5 11. Be3 Be7 12. Rc1 O-O 13. Re1 Qd7 14. Bc2 Rad8 15. Bxf5 exf5 16. Qe2 h6 17. h4 Rfe8 18. h5 Nd5 19. Nxd5 Bxd5 20. a3 c6 21. Rcd1 f4 22. Bxf4 Qg4 23. Bg3 Qxh5 24. Nd2 Qxe2 25. Rxe2 Rd7 26. Nb1 Red8 27. Re3 Bc4 28. Re4 c5 29. Rc1 Bd3 30. e6 Rxd4 31. exf7+ Kxf7 32. Rxd4 Rxd4 33. Nc3 b5 34. Re1 Rd7 35. Be5 c4 36. Re3 g5 37. g4 Kg6 38. f4 Bc5 39. f5+ Kf7 40. Kf2 h5 41. gxh5 Bxf5 42. Ke2 Bg4+ 0-1


[Site "https://www.chess.com"]

[Event "Titled Tuesday Blitz April 12 Late 2022"]
[White "Martinez Alcantara, Jose Eduardo"]
[Black "Gharibyan, Mamikon"]
[WhiteFideId "3805662"]
[BlackFideId "13308300"]
[WhiteElo "2690"]
[BlackElo "2254"]
[Result "1-0"]
[Round "03"]
[TimeControl "180+1"]
[Date "2022.04.12"]
[WhiteClock "0:00:08"]
[BlackClock "0:00:01"]

1. e4 e5 2. Nf3 Nc6 3. Bb5 a6 4. Ba4 Nf6 5. d3 Bc5 6. c3 b5 7. Bb3 d6 8. Bg5 h6 9. Bh4 Rb8 10. a3 Ba7 11. Nbd2 Be6 12. Bxe6 fxe6 13. b4 a5 14. O-O O-O 15. Nb3 Bb6 16. Qe2 Qe8 17. Rad1 Nh5 18. Bg3 Ra8 19. d4 axb4 20. axb4 Ra3 21. Qb2 Qa8 22. Na5 Ra4 23. Nxc6 Qxc6 24. dxe5 Nxg3 25. hxg3 dxe5 26. Nxe5 Qxe4 27. Nd7 Rfa8 28. Nxb6 cxb6 29. Rfe1 Qc6 30. Qb3 Qc4 31. Qxc4 bxc4 32. Rxe6 Ra1 33. Rf1 R8a3 34. Re3 b5 35. g4 R1a2 36. Rd1 Ra7 37. Rd5 Rf7 38. f3 Rb7 39. g5 Kh7 40. Kh2 Rc2 41. Kh3 hxg5 42. Rxg5 Rd2 43. Rc5 Rc2 44. g3 Rd2 45. Kg4 Rc2 46. Rh5+ Kg6 47. Rd5 Kh7 48. f4 Kg6 49. Rd6+ Kh7 50. Rd5 Kg6 51. f5+ Kf7 52. Kg5 Rf2 53. g4 Rg2 54. Ree5 Rg3 55. Rxb5 Ra7 56. Rb8 Rxc3 57. Ree8 Rg3 58. Rf8+ Ke7 59. Rbe8+ Kd6 60. Re6+ Kc7 61. Rf7+ Kb8 62. Re8# 1-0


[Site "https://www.chess.com"]

[Event "Titled Tuesday Blitz April 12 Late 2022"]
[White "Matlakov, Maxim"]
[Black "Santos Ruiz, Miguel"]
[WhiteFideId "4168003"]
[BlackFideId "22291482"]
[WhiteElo "2669"]
[BlackElo "2486"]
[Result "0-1"]
[Round "03"]
[TimeControl "180+1"]
[Date "2022.04.12"]
[WhiteClock "0:00:57"]
[BlackClock "0:00:38"]

1. e4 c5 2. Nf3 d6 3. c3 Nf6 4. h3 g6 5. Bd3 Bg7 6. Bc2 e5 7. d4 exd4 8. cxd4 cxd4 9. Nxd4 O-O 10. O-O Nc6 11. Nc3 Re8 12. Nxc6 bxc6 13. Bg5 h6 14. Bh4 Rb8 15. Rb1 d5 16. Re1 dxe4 17. Qxd8 Rxd8 18. Nxe4 g5 19. Bg3 Rb4 20. a3 Rc4 21. Nxf6+ Bxf6 22. Bb3 Rc5 23. Bc7 Rd3 24. Bd1 Bf5 25. Bg4 Bg6 26. b4 Rc2 27. Rbd1 Rxa3 28. Be5 Bxe5 29. Rxe5 Raa2 30. Bf3 Rab2 31. h4 gxh4 32. Rd4 h3 33. gxh3 Rxf2 34. Bxc6 Rfc2 35. Rc5 Rb1+ 0-1


[Site "https://www.chess.com"]

[Event "Titled Tuesday Blitz April 12 Late 2022"]
[White "Melikhov, Evgeny V."]
[Black "De Souza, Cristiano Gomes"]
[WhiteFideId "4122046"]
[BlackFideId "2151758"]
[WhiteElo "1931"]
[BlackElo "2068"]
[Result "1-0"]
[Round "03"]
[TimeControl "180+1"]
[Date "2022.04.13"]
[WhiteClock "0:00:15"]
[BlackClock "0:00:45"]

1. d4 Nf6 2. c4 g6 3. Nc3 Bg7 4. e4 d6 5. f3 O-O 6. Be3 Nc6 7. Nge2 a6 8. Qd2 Rb8 9. Bh6 e5 10. d5 Nd4 11. Bxg7 Kxg7 12. Nxd4 exd4 13. Qxd4 Re8 14. O-O-O Kg8 15. h4 h5 16. Be2 Qe7 17. g4 hxg4 18. h5 gxf3 19. Bxf3 Qe5 20. Qxe5 Rxe5 21. hxg6 fxg6 22. Rdg1 Kg7 23. Kd2 Bd7 24. Kd3 Rbe8 25. b4 R8e7 26. c5 Be8 27. Kd4 g5 28. a4 Bg6 29. Re1 g4 30. Bg2 Re8 31. c6 b6 32. a5 b5 33. Re3 Nh5 34. Rhe1 Kh7 35. Bf1 Kh6 36. Bxb5 axb5 37. Nxb5 R5e7 38. Nc3 Kg5 39. b5 Nf4 40. b6 Ng2 41. b7 Nxe1 42. Rxe1 Kf4 43. a6 Bxe4 44. a7 Bf3 45. Rxe7 Rxe7 46. b8=Q g3 47. Qf8+ Kg4 48. Qxe7 g2 49. Qg7+ Kf4 50. a8=Q 1-0


[Site "https://www.chess.com"]

[Event "Titled Tuesday Blitz April 12 Late 2022"]
[White "Mikhailov, Viacheslav"]
[Black "Bortnyk, Olexandr"]
[WhiteFideId "4187369"]
[BlackFideId "14120828"]
[WhiteElo "2381"]
[BlackElo "2723"]
[Result "0-1"]
[Round "03"]
[TimeControl "180+1"]
[Date "2022.04.12"]
[WhiteClock "0:00:12"]
[BlackClock "0:00:50"]

1. Nf3 Nf6 2. c4 d6 3. g3 g6 4. Bg2 Bg7 5. O-O O-O 6. Nc3 Bf5 7. d3 e5 8. Bg5 Qc8 9. Bc1 Bh3 10. Bg5 Nc6 11. Rc1 Re8 12. Nd5 Bxg2 13. Kxg2 Nxd5 14. cxd5 Ne7 15. Bxe7 Rxe7 16. e4 c5 17. b4 b6 18. bxc5 bxc5 19. Nd2 Bh6 20. Rb1 Bxd2 21. Qxd2 Rb7 22. h4 h5 23. Rfc1 Rab8 24. Rxb7 Qxb7 25. Rc4 Qb1 26. Ra4 Rb2 27. Qg5 Qc2 28. Qe3 Qxa4 0-1


[Site "https://www.chess.com"]

[Event "Titled Tuesday Blitz April 12 Late 2022"]
[White "Minko, Dmitry"]
[Black "Pakleza, Zbigniew"]
[WhiteFideId "24188468"]
[BlackFideId "1119290"]
[WhiteElo "1928"]
[BlackElo "2467"]
[Result "1/2-1/2"]
[Round "03"]
[TimeControl "180+1"]
[Date "2022.04.12"]
[WhiteClock "0:00:06"]
[BlackClock "0:00:03"]

1. e4 d6 2. d4 Nf6 3. Nc3 c6 4. f4 Qb6 5. h3 e5 6. Nf3 Nbd7 7. Bc4 Be7 8. O-O exd4 9. Qxd4 d5 10. Qxb6 Nxb6 11. Bd3 dxe4 12. Nxe4 O-O 13. Be3 Nfd5 14. Bd2 Rd8 15. a3 Bf5 16. Rae1 Bxe4 17. Bxe4 Bf6 18. Bc1 g6 19. Ne5 Re8 20. Bd3 Rad8 21. Ng4 Bd4+ 22. Kh2 h5 23. Ne5 Kg7 24. Nf3 Bf6 25. f5 Na4 26. fxg6 fxg6 27. Ng5 Nc7 28. Bf4 Rc8 29. Rxe8 Rxe8 30. Ne4 Bd8 31. Nd6 Rf8 32. Nxb7 Ne6 33. Be5+ Bf6 34. Bxf6+ Rxf6 35. Rxf6 Kxf6 36. b3 Nc3 37. Nd6 h4 38. Ne4+ Nxe4 39. Bxe4 c5 40. g3 g5 41. gxh4 gxh4 42. Bb7 Ke5 43. Kg2 Nf4+ 44. Kf3 Nxh3 45. Kg4 Nf2+ 46. Kxh4 Kd4 47. Bc8 Kc3 48. Bf5 Nd1 49. Kg3 Ne3 50. Be6 Nxc2 51. b4 Nxb4 52. axb4 cxb4 53. Kf2 b3 54. Ke1 1/2-1/2


[Site "https://www.chess.com"]